AoeStats
← varunalur2879

Arena

509382964Analyzed
4v4 RM · 6d ago on Sep 26, 2026· 40m 55s· 8 players
Game mode
Random Map
Map size
Large (8 player)
Population
200
Speed
Normal
Resources
Standard
Victory
Conquest
Starting age
Dark Age
Ending age
Imperial Age
RankedLock teamsTeams togetherTeam positionsShared explorationLock speedFull tech treeHidden civsTurbo modeCheats
Victory
Defeat
🇨🇳 Aztecs · China
1444
+13
🇦🇺 Bohemians · Australia
1374
+16
🇨🇳 Teutons · China
1360
+17
🇨🇳 Hindustanis · China
1300
+20
🇩🇴 Japanese · Dominican Republic
1409
-17
🇫🇷 Persians · France
1401
-17
🇮🇳 Varangians · India
1383
-17
🇺🇸 Franks · United States
1332
-15
[Fx、]AirDk
10:32 Feudal Age
13:59 Castle Age
12:21 Double-Bit Axe
12:28 Horse Collar
20:33 Fervor
27:22 Imperial Age
24:38 Loom
25:49 Wheelbarrow
26:11 Sanctity
25:59 Scale Mail Armor
26:02 Man-at-Arms
26:27 Gambesons
26:43 Squires
26:29 Arson
27:01 Chain Mail Armor
26:56 Forging
26:48 Gold Mining
26:49 Stone Mining
27:11 Bow Saw
27:26 Treadmill Crane
27:49 Heavy Plow
27:44 Long Swordsman
28:56 Plate Mail Armor
27:53 Capped Ram
29:24 Iron Casting
29:48 Garland Wars
29:49 Conscription
28:53 Pikeman
28:57 Two-Handed Swordsman
30:24 Champion
33:11 Blast Furnace
32:33 Siege Ram
33:27 Fletching
34:02 Hand Cart
35:00 Siege Engineers
35:56 Chemistry
35:54 Coinage
35:39 Eagle Warrior
37:21 Banking
39:07 Bodkin Arrow
39:12 Elite Eagle Warrior
40:26 Town Watch
41:18 Gold Shaft Mining
41:14 Crop Rotation
41:18 Bracer
41:19 Padded Archer Armor
41:41 Ballistics
41:17 Murder Holes
41:32 Fortified Wall
QHB挂b户口本1页
7:21 Loom
9:40 Feudal Age
11:45 Double-Bit Axe
14:09 Fletching
17:40 Horse Collar
26:37 Castle Age
27:42 Gold Mining
28:05 Bow Saw
Sandy Cohen
10:16 Feudal Age
11:20 Loom
14:08 Castle Age
13:33 Double-Bit Axe
14:04 Horse Collar
18:37 Wheelbarrow
27:44 Fletching
36:09 Imperial Age
38:08 Chemistry
37:36 Heavy Plow
39:04 Hand Cart
39:46 Ballistics
39:44 Siege Engineers
39:17 Houfnice
肥肠拌面
10:12 Feudal Age
11:42 Double-Bit Axe
14:11 Castle Age
12:06 Horse Collar
15:41 Bow Saw
15:31 Loom
22:59 Wheelbarrow
23:38 Heavy Plow
24:32 Hand Cart
28:29 Imperial Age
26:44 Scale Barding Armor
26:49 Forging
27:22 Gold Mining
27:23 Stone Mining
27:34 Grand Trunk Road
28:07 Chain Barding Armor
29:02 Gold Shaft Mining
29:05 Iron Casting
29:06 Husbandry
29:16 Bloodlines
29:18 Heavy Camel Rider
30:30 Conscription
31:47 Plate Barding Armor
32:12 Blast Furnace
31:08 Town Watch
31:08 Imperial Camel Rider
35:15 Elite Ghulam
40:57 Scale Mail Armor
ijkabob
11:10 Feudal Age
10:49 Loom
15:39 Castle Age
14:10 Scale Mail Armor
14:24 Double-Bit Axe
18:56 Chain Mail Armor
25:03 Arson
31:15 Forging
34:23 Imperial Age
34:43 Iron Casting
34:11 Pikeman
34:52 Squires
37:48 Halberdier
39:03 Gambesons
39:25 Scale Barding Armor
39:55 Plate Mail Armor
varunalur2879
10:32 Feudal Age
11:31 Loom
14:35 Castle Age
22:23 Double-Bit Axe
22:57 Horse Collar
27:10 Stone Mining
27:34 Bow Saw
27:22 Stone Mining
29:45 Wheelbarrow
28:57 Town Watch
33:06 Hand Cart
33:27 Gold Mining
33:49 Squires
34:32 Scale Mail Armor
37:19 Imperial Age
35:37 Chain Mail Armor
36:00 Forging
35:33 Pikeman
37:23 Fletching
RD | Telematico
10:03 Feudal Age
14:16 Castle Age
13:07 Double-Bit Axe
13:05 Horse Collar
13:42 Stone Mining
14:55 Fletching
14:58 Loom
17:53 Bow Saw
30:28 Imperial Age
29:23 Gold Mining
34:09 Elite Skirmisher
37:32 Crossbowman
38:14 Padded Archer Armor
39:41 Bodkin Arrow
39:54 Arbalester
40:39 Thumb Ring
Oden
2:47 Loom
10:22 Feudal Age
15:23 Castle Age
13:51 Double-Bit Axe
14:14 Horse Collar
21:17 Loom
22:53 Wheelbarrow
28:13 Imperial Age
26:03 Heavy Plow
26:09 Gold Mining
27:24 Scale Barding Armor
27:31 Forging
28:08 Bloodlines
27:59 Husbandry
27:52 Cavalier
27:53 Light Cavalry
29:37 Chemistry
29:58 Chain Barding Armor
30:16 Iron Casting
30:46 Padded Archer Armor
30:38 Fletching
31:24 Plate Barding Armor
32:49 Hussar
34:37 Blast Furnace
33:33 Bodkin Arrow
33:54 Hussar
Connection lost

Rejoining the realm…

Still unreachable

The connection could not be restored.

Session expired

The server has moved on; the page needs a fresh start.